 Dungeon Crawl Stone Soup version 0.31-a0-37-g98a128e1d9 (webtiles) character file.

Game seed: 4755483730366486253

77709 pk666 the Eclecticist (level 15, -17/72 HPs)
             Began as a Deep Elf Fire Elementalist on May 16, 2023.
             Was a High Priest of Vehumet.
             Killed from afar by a fenstrider witch (20 damage)
             ... with a toxic sludge
             ... on level 2 of the Swamp.
             The game lasted 02:09:51 (33437 turns).

pk666 the Eclecticist (Deep Elf Fire Elementalist) Turns: 33437, Time: 02:09:52

Health: -17/72     AC:  9    Str:  5    XL:     15   Next: 16%
Magic:  17/39      EV: 20    Int: 34    God:    Vehumet [*****.]
Gold:   835        SH:  0    Dex: 15    Spells: 17/50 levels left

rFire   . . .        i - +2 dagger (venom)
rCold   . . .        (no shield)
rNeg    + + .        N - +2 robe {Archmagi}
rPois   .            W - +0 hat "Alyugof" {Will+}
rElec   .            J - +2 cloak "Ruedohakk" {rN++}
rCorr   .            (no gloves)
SInv    +            Y - +1 pair of boots {Fly}
Will    ++...        X - amulet of the acrobat
Stlth   ++           U - +6 ring of intelligence
HPRegen 0.32/turn    K - ring of see invisible
MPRegen 0.26/turn

%: acrobat, archmagi
@: lethally poisoned (-17 -> -40), about to teleport, flying
A: no striking features
a: Renounce Religion


You were on level 2 of the Swamp.
You worshipped Vehumet.
Vehumet was extremely pleased with you.
You visited 5 branches of the dungeon, and saw 22 of its levels.
You also visited: Bailey and Ice Cave.

You collected 1931 gold pieces.
You spent 1096 gold pieces at shops.

Inventory:

Hand Weapons
 i - a +2 dagger of venom (weapon)
Armour
 J - the +2 cloak "Ruedohakk" (worn) {rN++}
   (You bought it in a shop on level 1 of the Dungeon)

   rN:        It greatly protects you from negative energy.
 N - a +2 robe of the Archmagi (worn)
 W - the +0 hat "Alyugof" (worn) {Will+}
   (You found it on level 5 of the Lair of Beasts)

   Will:      It increases your willpower.
 Y - a +1 pair of boots of flying (worn)
Jewellery
 g - a ring of resist corrosion
 v - a ring of poison resistance
 D - a ring of protection from cold
 E - a ring of protection from fire
 F - an amulet of guardian spirit
 K - a ring of see invisible (right hand)
 S - a +4 ring of protection
 U - a +6 ring of intelligence (left hand)
 X - an amulet of the acrobat (around neck)
Wands
 d - a wand of mindburst (21)
 n - a wand of iceblast (8)
 s - a wand of digging (4)
 t - a wand of flame (10)
 O - a wand of paralysis (9)
 R - a wand of acid (5)
Scrolls
 a - 2 scrolls of poison {unknown}
 j - 6 scrolls of fear
 l - 5 scrolls of magic mapping
 m - 13 scrolls of teleportation
 o - 4 scrolls of fog {unknown}
 p - a scroll of acquirement {unknown}
 r - 4 scrolls of identify
 u - 3 scrolls of enchant armour {unknown}
 y - 3 scrolls of noise {unknown}
 z - a scroll of immolation {unknown}
 B - 2 scrolls of enchant weapon
 C - 2 scrolls of torment {unknown}
 G - 4 scrolls of vulnerability {unknown}
 H - 2 scrolls of brand weapon {unknown}
 I - a scroll of amnesia {unknown}
 T - 2 scrolls of silence {unknown}
Potions
 b - a potion of invisibility {unknown}
 c - 5 potions of might
 e - 3 potions of brilliance {unknown}
 f - 2 potions of ambrosia
 h - 2 potions of heal wounds
 k - 2 potions of cancellation
 q - 3 potions of haste
 w - 5 potions of curing
 x - 6 potions of flight
 A - 3 potions of lignification
 P - a potion of magic


   Skills:
 + Level 15.2 Dodging
 - Level 2.4 Stealth
 + Level 18.0 Spellcasting
 + Level 15.6 Conjurations
 - Level 6.0 Necromancy
 + Level 13.8 Fire Magic
 - Level 4.0 Earth Magic
 - Level 2.3 Poison Magic


You had 17 spell levels left.
You knew the following spells:

 Your Spells              Type           Power      Damage    Failure   Level
a - Foxfire               Conj/Fire      100%       2x1d9     0%          1
b - Scorch                Fire           100%       2d9       0%          2
c - Flame Wave            Conj/Fire      100%       2d21      1%          4
d - Olgreb's Toxic Radia  Pois           63%        N/A       1%          4
e - Orb of Destruction    Conj           58%        9d14      1%          7
f - Lee's Rapid Deconstr  Erth           36%        3d18*     1%          5
g - Fireball              Conj/Fire      57%        3d22      1%          5
h - Borgnjor's Vile Clut  Necr/Erth      38%        N/A       4%          5

Your spell library contained the following spells:

 Spells                   Type           Power      Damage    Failure   Level
 Arcjolt                  Conj/Air       45%        1d55      1%          5
 Blink                    Tloc           90%        N/A       1%          2
 Sublimation of Blood     Necr           82%        N/A       1%          2
 Wereblood                Tmut           45%        N/A       1%          2
 Frozen Ramparts          Ice            90%        1d14      1%          3
 Inner Flame              Hex/Fire       86%        N/A       1%          3
 Volatile Blastmotes      Fire/Tloc      100%       2d18      1%          3
 Call Canine Familiar     Summ           45%        N/A       3%          3
 Gell's Gravitas          Tloc           45%        N/A       3%          3
 Portal Projectile        Hex/Tloc       90%        N/A       3%          3
 Summon Guardian Golem    Hex/Summ       45%        N/A       3%          3
 Teleport Other           Tloc           45%        N/A       3%          3
 Leda's Liquefaction      Hex/Erth       30%        N/A       4%          4
 Spellforged Servitor     Conj/Summ      45%        N/A       11%         7
 Ice Form                 Ice/Tmut       45%        N/A       12%         4
 Manifold Assault         Tloc           45%        N/A       12%         4
 Summon Ice Beast         Ice/Summ       45%        N/A       12%         4
 Alistair's Intoxication  Tmut/Pois      36%        N/A       21%         5
 Eringya's Noxious Bog    Tmut/Pois      27%        N/A       28%         6
 Dispersal                Tloc           22%        N/A       87%         6
 Storm Form               Tmut/Air       22%        N/A       100%        7
 Summon Hydra             Summ           22%        N/A       100%        7


Dungeon Overview and Level Annotations

Branches:
Dungeon (12/15)            Temple (1/1) D:5            Lair (5/5) D:10
  Swamp (2/4) Lair:3       Spider (0/4) Lair:2        Slime (0/5) Lair:5
    Orc (2/2) D:11            Elf (0/3) Orc:2        Bailey (visited)
  IceCv (visited)

Altars:
Ashenzari
Cheibriados
Dithmenos
Elyvilon
Fedhas
Gozag
Hepliaklqana
Kikubaaqudgha
Makhleb
Okawaru
Qazlal
Sif Muna
Trog
Uskayaw
Vehumet
Wu Jian
Xom
Yredelemnul
Zin
The Shining One
Jiyva

Shops:
D:1 [   D:10 :   Orc:1 =   Orc:2 =*!*

Annotations:
D:7 1 exclusion, Dowan
D:8 4 runed translucent doors


Message History

The mangrove smoulders and burns.
You feel sick.
You hear a deafening roar!
The alligator completely misses you. The alligator closely misses you.
The alligator completely misses you. The alligator barely misses you.
A wave of flame ripples out!
The flame wave engulfs the alligator!!
You kill the alligator!
Vehumet accepts your kill.
You feel your power returning.
The mangrove smoulders and burns.
You are engulfed in a cloud of scalding steam.
You feel sick.
The fenstrider witch shouts!
You hear an angry buzzing noise. x2
The swamp dragon breathes poison at you.
The blast of poison misses you.
You hear a deafening roar!
Casting: Flame Wave (safe; 1% risk of failure)
Confirm with . or Enter, or press ? or * to list all spells.
Okay, then.
Unknown command.
You feel much better.
You are engulfed in poison gas.
You are more poisoned.
You feel very sick.
A bunyip comes into view.
The swamp dragon breathes poison at you.
The blast of poison misses you.
You hear an angry buzzing noise.
As you read the scroll of teleportation, it crumbles to dust.
You feel strangely unstable.
You are engulfed in poison gas.
You are lethally poisoned!
You feel extremely sick.
The bunyip is engulfed in a cloud of scalding steam.
You feel better.
You are engulfed in poison gas.
You are poisoned.
You feel very sick.
The fenstrider witch is engulfed in blazing flames.
The bunyip is engulfed in blazing flames.
The bunyip misses you. The bunyip closely misses you. The bunyip claws you!!
* * * LOW HITPOINT WARNING * * *
A vampire mosquito comes into view.
The fenstrider witch is engulfed in blazing flames.
The fenstrider witch casts a spell at you.
The toxic sludge hits you!!
You are more poisoned.
You die...

~♣ ♣ ♣~♣♣♣♣. ~~~~~ ♣
....... .~~~~ ♣ .~~~~~.
♣§..~~ ♣ ♣♣♣
~~~~~~~♣♣§§§~~~ ♣ ♣..
♣~§♣§§☼§§§x§~~~.
♣♣♣~.~♣♣♣♣~~♣§○☼§☼§○§~~~~
.~♣ ♣♣..♣.....§§§x°○.~~.§
~.♣ ♣~.§~~~~~.°~@°§§.~..~
♣♣♣♣♣.~~~~§~~.☼☼☼§○§^...~
~~.~~.~~~.♣♣♣§H○D§○°..~.~
~~§~.^...♣♣♣♣☼§○~~~...~§.
~~~~....♣♣~.....~§§§~♣.~
.~~.~~~♣♣♣....~.~~~..♣ .
..~~†......~.~~....♣♣♣
♣♣♣~.H~>..y..~~.♣♣♣♣ ♣
♣..~~~..♣♣♣..~♣


You could see 2 bunyips, a swamp dragon, a fenstrider witch and a vampire
mosquito.

Vanquished Creatures
  A dire elephant (Lair:5)
  7 bunyips
  Snorg (Lair:5)
  5 hydras
  Josephine (Lair:3)
  2 ghost crabs
  A catoblepas (Lair:5)
  Erica (Orc:1)
  3 boulder beetles
  A deep troll shaman (Lair:5)
  3 death yaks (Lair:5)
  2 alligators (Swamp:2)
  Amaemon (D:11)
  3 skysharks
  2 goliath frogs
  An orb spider (Lair:2)
  Pikel (D:7)
  A spriggan druid (Swamp:1)
  2 bog bodies (Swamp:2)
  A swamp dragon (Swamp:1)
  2 oklob plants
  6 orc knights
  4 will-o-the-wisps
  An orc sorcerer (Orc:2)
  2 cyclopes
  19 elephants
  3 black mambas
  An orange demon (D:11)
  8 cane toads
  2 unseen horrors
  A kobold demonologist (Bailey)
  9 komodo dragons
  2 rime drakes
  4 trolls
  2 bloated husks (Swamp:2)
  Grinder (D:5)
  3 polar bears
  4 tyrant leeches
  7 dream sheep (Lair:5)
  11 blink frogs
  8 slime creatures
  59 yaks
  Sigmund (D:2)
  6 wraiths
  8 wyverns
  5 basilisks
  2 steam dragons
  9 wargs
  3 vampire mosquitoes (Swamp:2)
  2 swamp worms
  2 acid dragons (D:9)
  2 swamp drakes (Swamp:1)
  24 water moccasins
  2 ice beasts (D:7)
  46 orc warriors
  4 sky beasts
  A great orb of eyes simulacrum (IceCv)
  6 black bears
  9 wolves
  5 centaurs
  10 ogres
  4 lemures
  2 phantoms (D:7)
  6 kobold brigands
  8 bullfrogs
  A slime creature simulacrum (IceCv)
  2 gnoll sergeants
  2 glowing shapeshifter simulacra (IceCv)
  3 wights (D:8)
  9 killer bees
  A howler monkey (D:7)
  4 vampire bats (Lair:1)
  4 electric eels
  7 orc priests
  6 hounds
  2 jellies
  Crazy Yiuf (D:2)
  A gnoll bouda (D:5)
  A sleepcap (D:5)
  7 iguanas
  16 orc wizards
  A shapeshifter simulacrum (IceCv)
  21 gnolls
  4 adders
  15 white imps
  2 ufetubi
  3 worms
  A dart slug (D:1)
  70 orcs
  3 endoplasms
  5 giant cockroaches
  10 goblins
  8 hobgoblins
  3 quokkas
  7 ball pythons
  9 bats
  4 frilled lizards
  40 kobolds
  4 rats
643 creatures vanquished.

Vanquished Creatures (others)
  A bloated husk (Swamp:1)
  A swamp drake (Swamp:1)
  678 foxfires
680 creatures vanquished.

Grand Total: 1323 creatures vanquished

Notes
Turn   | Place    | Note
-------+----------+-------------------------------------------
     0 | D:1      | pk666 the Deep Elf Fire Elementalist began the quest for
                  | the Orb.
     0 | D:1      | Reached XP level 1. HP: 10/10 MP: 6/6
    11 | D:1      | Found Mubruhuh's Antique Armour Shop.
   516 | D:1      | Reached XP level 2. HP: 15/15 MP: 4/8
   563 | D:1      | Learned a level 2 spell: Scorch
  1437 | D:2      | Found a stormy altar of Qazlal.
  1439 | D:2      | Reached XP level 3. HP: 19/19 MP: 7/10
  2117 | D:2      | Noticed Sigmund
  2127 | D:2      | Killed Sigmund
  2128 | D:2      | Reached skill level 4 in Spellcasting
  2128 | D:2      | Reached XP level 4. HP: 2/24 MP: 0/12
  2128 | D:2      | Reached XP level 5. HP: 2/28 MP: 0/14
  2435 | D:2      | Found a runed translucent door.
  2436 | D:2      | Noticed Crazy Yiuf
  2645 | D:2      | Killed Crazy Yiuf
  2755 | D:3      | Noticed an ogre
  2843 | D:3      | Killed an ogre
  2844 | D:3      | Reached skill level 5 in Spellcasting
  2844 | D:3      | Reached XP level 6. HP: 32/32 MP: 9/15
  2915 | D:3      | Found a white marble altar of Elyvilon.
  3059 | D:3      | Found a faded altar of an unknown god.
  3084 | D:3      | Found a broken altar of Ashenzari.
  3529 | D:1      | Bought a pair of jewelled boots for 209 gold pieces
  3529 | D:1      | Identified the +0 pair of boots of the Iron City of Dis
                  | {Dex+4} (You bought it in a shop on level 1 of the Dungeon)
  3815 | D:4      | Identified the +5 short sword "Hootan" {flame, Will- Str+3
                  | Int+2}
  4106 | D:4      | Reached skill level 5 in Fire Magic
  4155 | D:4      | Found a stormy altar of Qazlal.
  4344 | D:4      | Reached skill level 5 in Dodging
  4344 | D:4      | Reached XP level 7. HP: 36/36 MP: 12/17
  4585 | D:5      | Entered Level 5 of the Dungeon
  4690 | D:5      | Reached skill level 6 in Spellcasting
  4934 | D:5      | Found a staircase to the Ecumenical Temple.
  4962 | Temple   | Entered the Ecumenical Temple
  5049 | Temple   | Became a worshipper of Vehumet
  5287 | D:5      | Reached skill level 5 in Conjurations
  5386 | D:5      | Reached XP level 8. HP: 41/41 MP: 14/20
  6076 | D:5      | Noticed Grinder
  6077 | D:5      | Paralysed by Grinder for 2 turns
  6083 | D:5      | Paralysed by Grinder for 3 turns
  6090 | D:5      | Killed Grinder
  6091 | D:5      | Reached skill level 7 in Spellcasting
  7054 | D:6      | Reached skill level 8 in Spellcasting
  7116 | D:6      | Reached * piety under Vehumet
  7116 | D:6      | Offered knowledge of Magic Dart by Vehumet.
  7638 | D:7      | Reached XP level 9. HP: 45/45 MP: 18/23
  7739 | D:7      | Noticed Pikel
  8227 | D:7      | Noticed Dowan
  8663 | D:7      | Learned a level 4 spell: Flame Wave
  8697 | D:7      | Reached skill level 9 in Spellcasting
  8972 | D:7      | Killed Pikel
  9148 | D:1      | Bought a heavily runed cloak for 209 gold pieces
  9148 | D:1      | Identified the +2 cloak "Ruedohakk" {rN++} (You bought it
                  | in a shop on level 1 of the Dungeon)
  9841 | D:8      | Reached ** piety under Vehumet
  9841 | D:8      | Offered knowledge of Searing Ray by Vehumet.
  9842 | D:8      | Reached XP level 10. HP: 50/50 MP: 16/25
  9977 | D:8      | Found a flagged portal.
  9986 | Bailey   | Entered a bailey
 10053 | Bailey   | Reached skill level 10 in Spellcasting
 10224 | Bailey   | Noticed an orc knight
 10264 | Bailey   | Killed an orc knight
 10409 | Bailey   | Noticed a rust devil
 10594 | Bailey   | Noticed an orc knight
 10871 | D:8      | Offered knowledge of Frozen Ramparts by Vehumet.
 11160 | D:8      | Found a large runed translucent door.
 11160 | D:8      | Found a large runed translucent door.
 11322 | D:8      | Noticed a cyclops
 11379 | D:8      | Found a large runed translucent door.
 11379 | D:8      | Found a large runed translucent door.
 11432 | D:8      | Noticed a two-headed ogre
 11607 | D:9      | Reached skill level 10 in Dodging
 11607 | D:9      | Reached skill level 11 in Spellcasting
 11610 | D:9      | Reached *** piety under Vehumet
 12364 | D:9      | Offered knowledge of Olgreb's Toxic Radiance by Vehumet.
 12492 | D:9      | Reached skill level 10 in Fire Magic
 12548 | D:9      | Learned a level 4 spell: Olgreb's Toxic Radiance
 12618 | D:9      | Reached XP level 11. HP: 53/54 MP: 18/28
 12706 | D:9      | Reached skill level 1 in Poison Magic
 12953 | D:10     | Entered Level 10 of the Dungeon
 13048 | D:10     | Found Muarets's Book Shoppe.
 13225 | D:10     | Reached **** piety under Vehumet
 13452 | D:10     | Found a staircase to the Lair.
 13474 | D:10     | Reached skill level 1 in Necromancy
 13917 | D:10     | Found a bloodstained altar of Trog.
 14466 | D:11     | Found a frozen archway.
 14479 | D:11     | Offered knowledge of Irradiate by Vehumet.
 14545 | IceCv    | Entered an ice cave
 14571 | IceCv    | Reached skill level 12 in Spellcasting
 14632 | IceCv    | Reached skill level 10 in Conjurations
 15085 | D:11     | Noticed a boulder beetle
 15170 | Lair:1   | Entered Level 1 of the Lair of Beasts
 15179 | Lair:1   | Learned a level 7 spell: Orb of Destruction
 15210 | Lair:1   | Noticed a six-headed hydra
 15220 | Lair:1   | Killed a six-headed hydra
 15600 | Lair:1   | Found the +1 robe of Vines {NoPotionHeal Regen++++}
 15601 | Lair:1   | Noticed an oklob plant
 15607 | Lair:1   | Killed an oklob plant
 15608 | Lair:1   | Reached skill level 13 in Spellcasting
 15944 | D:1      | Bought an embroidered robe for 81 gold pieces
 15944 | D:1      | Bought a runed robe for 81 gold pieces
 16483 | Lair:1   | Reached XP level 12. HP: 59/59 MP: 29/31
 16598 | Lair:1   | Noticed a boulder beetle
 16774 | Lair:1   | Reached ***** piety under Vehumet
 16873 | Lair:1   | Killed a boulder beetle
 16874 | Lair:1   | Reached skill level 14 in Spellcasting
 17109 | Lair:1   | Noticed a four-headed hydra
 17113 | Lair:1   | Killed a four-headed hydra
 17413 | Lair:2   | Offered knowledge of Lee's Rapid Deconstruction by Vehumet.
 17420 | Lair:2   | Learned a level 5 spell: Lee's Rapid Deconstruction
 17469 | Lair:2   | Reached skill level 1 in Earth Magic
 17804 | Lair:2   | Found a hole to the Spider Nest.
 18635 | Lair:2   | Identified the +7 falchion "Yckiyrph" {heavy, Fly Str+5}
 19725 | Lair:3   | Reached skill level 15 in Spellcasting
 19931 | Lair:3   | Noticed Josephine
 19941 | Lair:3   | Killed Josephine
 19942 | Lair:3   | Reached XP level 13. HP: 43/63 MP: 6/34
 20565 | Lair:3   | Found a staircase to the Swamp.
 22390 | Lair:4   | Offered knowledge of Fireball by Vehumet.
 22411 | Lair:4   | Learned a level 5 spell: Fireball
 22639 | Lair:4   | You fall into a shaft and drop 1 floor!
 22639 | Lair:5   | Entered Level 5 of the Lair of Beasts
 23998 | Lair:5   | Reached skill level 16 in Spellcasting
 24368 | Lair:5   | Noticed Snorg
 24372 | Lair:5   | Killed Snorg
 24694 | Lair:5   | Found a viscous altar of Jiyva.
 24695 | Lair:5   | Found a staircase to the Slime Pits.
 25293 | Lair:5   | Identified the +0 hat "Alyugof" {Will+}
 25509 | Lair:5   | Reached XP level 14. HP: 68/68 MP: 20/36
 26878 | Lair:5   | Identified the staff of earth "Axkul" {rF+ Str-5 Int+2
                  | Dex+2}
 27017 | Swamp:1  | Entered Level 1 of the Swamp
 27286 | D:11     | Noticed Amaemon
 27289 | D:11     | Killed Amaemon
 27470 | D:11     | Found a staircase to the Orcish Mines.
 27861 | D:11     | Offered knowledge of Freezing Cloud by Vehumet.
 28210 | Orc:1    | Entered Level 1 of the Orcish Mines
 28256 | Orc:1    | Reached skill level 17 in Spellcasting
 28723 | Orc:1    | Noticed Erica
 28730 | Orc:1    | Killed Erica
 29030 | Orc:1    | Found Ekkuin's Jewellery Shop.
 29081 | D:10     | Bought Great Wizards, Vol. II for 456 gold pieces
 29087 | D:10     | Learned a level 5 spell: Borgnjor's Vile Clutch
 29213 | Orc:2    | Entered Level 2 of the Orcish Mines
 30166 | Orc:2    | Reached skill level 5 in Necromancy
 30255 | Orc:2    | Reached skill level 15 in Conjurations
 30735 | Orc:2    | Found Hirodes's General Store.
 30735 | Orc:2    | Found Betud's Distillery.
 30736 | Orc:2    | Offered knowledge of Arcjolt by Vehumet.
 30794 | Orc:2    | Bought a scroll of identify for 30 gold pieces
 30794 | Orc:2    | Bought a scroll of identify for 30 gold pieces
 31073 | Orc:2    | Found Fibuin's General Store.
 31073 | Orc:2    | Found Zyecrar's Jewellery Shoppe.
 31320 | Orc:2    | Found a staircase to the Elven Halls.
 32374 | Swamp:1  | Identified the +8 flail of the Priest {flame, Fragile rN+++
                  | Str+5}
 32901 | Swamp:2  | Reached XP level 15. HP: 50/72 MP: 2/38
 33052 | Swamp:2  | Reached skill level 15 in Dodging
 33396 | Swamp:2  | Reached skill level 18 in Spellcasting
 33423 | Swamp:2  | Noticed a fenstrider witch
 33437 | Swamp:2  | HP: 3/72 [bunyip (18)]
 33437 | Swamp:2  | Killed from afar by a fenstrider witch

Illustrated notes

Levels and vault maps discovered:
D:1:      moated_graveyard_arrival, layout_basic, serial_shops, shop,
          kennysheep_minor_cross
D:2:      layout_loops_cross, basic_altar, dreamdust_wishing_well, st_stairs_2,
          minmay_tetromino_o2, uniq_sigmund, uniq_crazy_yiuf_cottage
D:3:      layout_rooms, elyvilon_altar_1, lemuel_tele_altar,
          ebering_ecumenical_altar_webs, nrook_mini_vaults,
          lightli_corner_chamber
D:4:      layout_basic, nicolae_qazlal_scattered_showers
D:5:      layout_layer_cave, minmay_temple_entry_large_hall,
          hangedman_abyss_or_decor_passed, uniq_grinder
D:6:      layout_loops_ring
D:7:      minmay_opposing_rooms, layout_basic, ebering_dispersal_statue_hall,
          uniq_duvessa, uniq_pikel
D:8:      layout_loops_ring, nicolae_overflow_hidden_temple,
          lightli_bailey_entry_fortress, minmay_hollow_rounded_squares
D:9:      layout_loops_cross
D:10:     layout_roguey, mainiacjoe_overflow_alcove_2, david_lair_shrubbed,
          serial_shops, shop
D:11:     layout_roguey, orc_0_dummy, portal_ice_cave_entry_imps, uniq_amaemon
D:12:     minmay_the_grid_octo_triangle [minmay_the_grid_octo_pinwheel,
          minmay_the_grid_octo_prize_ultimate_mussel_roller,
          minmay_the_grid_octo_thin_diamonds], layout_loops_ring,
          mikee_hates_you
Temple:   lightli_temple_of_artemis
Lair:1:   layout_cellular_growth, serial_bayou_ford_a, serial_bayou_pond_a,
          roderic_batcave, hellmonk_guarded_unrand_vines
Lair:2:   layout_layer_cave, nicolae_spider_entry_orb_guardian,
          grunt_megastairs_1, lemuel_fruit_tree
Lair:3:   layout_regular_city, swamp_mist, serial_bayou_shore_b, uniq_josephine
Lair:4:   layout_regular_city, beast_lair_carwin_3
Lair:5:   grunt_lair_end_beastmaster, layout_regular_city, slime_entry_1,
          uniq_snorg
Swamp:1:  layout_basic_swamp, nicolae_swamp_round_clearing, swamp_pool5,
          infiniplex_staircase_pool
Swamp:2:  layout_basic_swamp, nicolae_swamp_well_well_well
Orc:1:    layout_caves, serial_shops, nicolae_shop_real_fake_doors, uniq_erica
Orc:2:    st_orc_town, layout_diamond_mine

Skill      XL: |  1  2  3  4  5  6  7  8  9 10 11 12 13 14 15 |
---------------+----------------------------------------------+-----
Dodging        | 3 4 5 6 7 9 10 11 12 13 14 15 | 15.2
Conjurations   | 2 3 4 5 6 8 9 11 13 14 15 | 15.6
Spellcasting   | 4 5 6 8 9 11 13 15 16 17 18 | 18.0
Fire Magic     | 4 5 6 7 8 10 12 13 | 13.8
Poison Magic   | 2 |  2.3
Necromancy     | 4 6 |  6.0
Earth Magic    | 4 |  4.0
Stealth        | |  2.4

Action                     |  1- 3 |  4- 6 |  7- 9 | 10-12 | 13-15 || total
---------------------------+-------+-------+-------+-------+-------++-------
  Melee: Dagger            |       |       |    21 |     3 |     3 ||    27
   Cast: Foxfire           |    79 |    45 |   153 |   139 |       ||   416
         Scorch            |    10 |    18 |    86 |   118 |     8 ||   240
         Flame Wave        |       |       |     3 |    63 |    13 ||    79
         Olgreb's Toxic Ra |       |       |       |    27 |    44 ||    71
         Orb of Destructio |       |       |       |    40 |   162 ||   202
         Lee's Rapid Decon |       |       |       |     5 |    21 ||    26
         Fireball          |       |       |       |       |   154 ||   154
         Borgnjor's Vile C |       |       |       |       |     2 ||     2
  Evoke: Wand              |       |       |       |       |     5 ||     5
    Use: Scroll            |       |       |     8 |     1 |     8 ||    17
         Potion            |       |       |     1 |    10 |     5 ||    16
 Armour: Robe              |       |     1 |     7 |    28 |    23 ||    59
  Dodge: Dodged            |    10 |     6 |    92 |   135 |    96 ||   339

Table legend: (Time is in decaauts)
 A = Elapsed time spent in this place.
 B = Non-inter-level travel time spent in this place.
 C = Inter-level travel time spent in this place.
 D = Time resting spent in this place.
 E = Time spent auto-exploring this place.
 F = Levels seen in this place.
 G = Mean time per level.
                   A        B        C        D        E       F      G
               +--------+--------+--------+--------+--------+-----+--------+
         Total |  33492 |  31258 |   2234 |  12019 |  12909 |  24 | 1395.5 |
       Dungeon |  16332 |  14604 |   1728 |   4187 |   7928 |  12 | 1361.0 |
        Temple |    109 |     92 |     17 |      0 |     81 |   1 |  109.0 |
          Lair |  11837 |  11424 |    413 |   5341 |   3472 |   5 | 2367.4 |
         Swamp |   1511 |   1479 |     32 |    752 |    383 |   2 |  755.5 |
  Orcish Mines |   2955 |   2911 |     44 |   1409 |   1044 |   2 | 1477.5 |
        Bailey |    655 |    655 |      0 |    306 |      0 |   1 |  655.0 |
      Ice Cave |     89 |     89 |      0 |     24 |      0 |   1 |   89.0 |
               +--------+--------+--------+--------+--------+-----+--------+

Top non-repeatable levels by time:
  Lair:5: 3366 daAuts
  Lair:3: 2618 daAuts
  Lair:2: 2306 daAuts
   Orc:2: 1999 daAuts
    D:11: 1994 daAuts
  Lair:4: 1884 daAuts
     D:9: 1727 daAuts
     D:5: 1702 daAuts
     D:1: 1681 daAuts
  Lair:1: 1661 daAuts
     D:8: 1587 daAuts
     D:2: 1463 daAuts
    D:10: 1443 daAuts
     D:4: 1413 daAuts
     D:7: 1410 daAuts
